 Dungeon Crawl Stone Soup version 0.25-a0-681-gdf4e720381 (webtiles) character file.

Game seed: 6416893832133177768, levelgen mode: deterministic

2965 Conn the Sneak (level 9, -4/58 HPs)
             Began as an Octopode Wizard on Mar 30, 2020.
             Was a Believer of Vehumet.
             Slain by Zajic's ghost (17 damage)
             ... on level 6 of the Dungeon.
             The game lasted 00:29:52 (11132 turns).

Conn the Sneak (Octopode Wizard)                   Turns: 11132, Time: 00:29:52

Health: -4/58      AC:  1    Str:  8    XL:     9   Next: 82%
Magic:  10/19      EV: 14    Int: 22    God:    Vehumet [**....]
Gold:   453        SH:  0    Dex: 10    Spells: 1/21 levels left

rFire    + . .     SeeInvis .   a - +1 dagger (flame)
rCold    . . .     Gourm    .   (no shield)
rNeg     . . .     Faith    +   r - +0 hat
rPois    .         Spirit   .   m - amulet of faith
rElec    .         Reflect  .   n - +5 ring of slaying
rCorr    .         Harm     .   u - ring of fire
MR       .....                  E - ring of protection from cold
Stlth    ++++......             F - ring of wizardry
HPRegen  0.19/turn              (no ring)
MPRegen  0.16/turn              (no ring)
                                (no ring)
                                (no ring)

@: no status effects
A: almost no armour, stealthy swim, amphibious, 8 rings, constrict 8, camouflage
1, gelatinous body 1
a: Renounce Religion


You were on level 6 of the Dungeon.
You worshipped Vehumet.
Vehumet was pleased with you.
You were hungry.

You visited 1 branch of the dungeon, and saw 8 of its levels.

You collected 453 gold pieces.

Inventory:

Hand Weapons
 a - a +1 dagger of flaming (weapon)
 b - a +6 shortbow
 g - a +4 whip
 q - a cursed -3 war axe
 s - a +4 quarterstaff of chaos
 v - a +0 dagger
Missiles
 e - 65 sling bullets
 f - 123 stones
 w - 120 arrows
 y - 6 javelins (quivered)
Armour
 r - a +0 hat (worn)
Jewellery
 m - an amulet of faith (around mantle)
 n - a +5 ring of slaying (left tentacle)
 u - a ring of fire (right tentacle)
 E - a ring of protection from cold (on tentacle)
 F - a ring of wizardry (on tentacle)
Wands
 l - a wand of flame (56)
 p - a wand of polymorph (10)
Scrolls
 d - 10 scrolls of identify
 i - 5 scrolls of remove curse
 j - a scroll of magic mapping
 k - 4 scrolls of teleportation
 x - 2 scrolls of brand weapon {unknown}
Potions
 h - 2 potions of flight
 o - a potion of might
 t - 2 potions of haste
 z - a potion of degeneration {unknown}
 A - 2 potions of heal wounds
 B - a potion of resistance {unknown}
 C - 2 potions of curing
Comestibles
 c - 17 rations


   Skills:
 + Level 4.1 Fighting
 + Level 4.5 Short Blades
 + Level 1.8 Maces & Flails
 + Level 4.1 Dodging
 + Level 7.7 Stealth
 + Level 6.9 Spellcasting
 + Level 4.2 Conjurations
 + Level 1.8 Summonings
 + Level 2.5 Translocations
 + Level 0.1 Fire Magic
 + Level 0.6 Ice Magic
 + Level 2.4 Air Magic
 + Level 2.4 Poison Magic
 + Level 1.2 Evocations


You had one spell level left.
You knew the following spells:

 Your Spells              Type           Power        Failure   Level  Hunger
a - Magic Dart            Conj           ####         1%          1    None
b - Blink                 Tloc           N/A          1%          2    None
c - Call Imp              Summ           ###.....     2%          2    None
d - Conjure Flame         Conj/Fire      ####....     4%          3    None
e - Mephitic Cloud        Conj/Pois/Air  ###.....     2%          3    None
f - Freeze                Ice            ##..         2%          1    None
g - Dazzling Flash        Conj/Hex       ###...       4%          3    None
h - Searing Ray           Conj           ####..       1%          2    None
i - Stone Arrow           Conj/Erth      ###...       4%          3    None

Your spell library contained the following spells:

 Spells                   Type           Power        Failure   Level  Hunger
 Corona                   Hex            #......      3%          1    None
 Ensorcelled Hibernation  Hex/Ice        #.....       4%          2    None
 Slow                     Hex            #.......     5%          2    None
 Confusing Touch          Hex            #.......     11%         3    None
 Tukima's Dance           Hex            #.......     11%         3    None


Dungeon Overview and Level Annotations

Branches:
Dungeon (8/15)             Temple (0/1) D:4
   Lair: D:8-11

Altars:
Dithmenos
Elyvilon
Kikubaaqudgha
Ru
Sif Muna
Uskayaw
Vehumet
Xom
Yredelemnul
Zin

Annotations:
D:3 Grinder
D:6 1 transporter, Zajic's ghost, novice TrBe


Innate Abilities, Weirdness & Mutations

You cannot wear most types of armour.
You are very stealthy in the water. (Stealth+)
You are amphibious.
You can wear up to eight rings at the same time.
You can use your tentacles to constrict eight enemies at once.
Your skin changes colour to match your surroundings (Stealth+).
Your rubbery body absorbs attacks. (AC +1, EV +1)


Message History

(Press . to maintain the ray.)
The searing ray hits Zajic's ghost.
Zajic's ghost is lightly damaged.
You are feeling hungry.
The searing ray hits Zajic's ghost!
Zajic's ghost is moderately damaged.
The ice beast misses you. Zajic's ghost hits you!!
The searing ray hits Zajic's ghost.
Zajic's ghost is moderately damaged.
The searing ray hits the quokka!
You kill the quokka!
Vehumet accepts your kill.
You finish channeling your searing ray.
The ice beast is no longer blind.
The ice beast hits you. The ice beast freezes you!
Zajic's ghost barely misses you.
The scorpion is no longer blind.
The ice beast hits you. The ice beast freezes you!
* * * LOW HITPOINT WARNING * * *
Zajic's ghost hits you!
You die...

#.[.....#.#
#.##.#.#####.....#
####.......#.#
#.##.#......###.##
...........#.###.##.######.#
#.# ##.#.................>#
#.###.#
...#.#######.#......#.#
#.^...# ...#.#
##.....©......# #######
####.# #..#########..#
...#.# #.##8.($?.8##.#
...#.# #.#.....@...#.#
##.#.# #.#?#..YW.#.#.#
...#.# #.#..#..s#..#.#
...#.# #.#....©....#.#
####.####.#..#...#..#.#
........#.#.#..?..#.#.#
####....#.#........©#.# #
#....#.##8.....8##.#
#.......#########..#


You could see an ice beast, a scorpion (wandering) and Zajic's ghost.

Vanquished Creatures
  Maggie (D:8)
  An ice beast (D:7)
  A necrophage (D:6)
  4 ogres
  4 centaurs
  A big kobold (D:7)
  3 bullfrogs (D:7)
  A scorpion (D:5)
  4 killer bees (D:7)
  5 howler monkeys
  5 wights (D:6)
  3 crimson imps
  2 hounds (D:4)
  4 orc priests
  Crazy Yiuf (D:3)
  4 orc wizards
  3 worker ants
  A worker ant zombie (D:6)
  3 gnolls (D:5)
  A howler monkey skeleton (D:6)
  9 adders
  3 oozes
  An adder zombie (D:5)
  An adder skeleton (D:8)
  2 worms
  3 leopard geckos
  12 orcs
  8 giant cockroaches
  7 goblins
  9 hobgoblins
  7 jackals
  5 quokkas
  2 ball pythons
  11 bats
  6 frilled lizards
  A jackal skeleton (D:4)
  15 kobolds
  A quokka skeleton (D:5)
  2 quokka zombies (D:6)
  10 rats
  A spectral orc (D:8)
168 creatures vanquished.

Vanquished Creatures (collateral kills)
  Joseph (D:7)
  A sky beast (D:8)
  2 adders (D:2)
  A worm (D:2)
  A kobold (D:2)
6 creatures vanquished.

Grand Total: 174 creatures vanquished

Notes
Turn   | Place    | Note
-------+----------+-------------------------------------------
     0 | D:1      | Conn the Octopode Wizard began the quest for the Orb.
     0 | D:1      | Reached XP level 1. HP: 11/11 MP: 4/4
   181 | D:1      | Reached XP level 2. HP: 6/17 MP: 1/6
   741 | D:1      | Reached XP level 3. HP: 19/21 MP: 8/8
  1371 | D:2      | Reached skill level 3 in Stealth
  1656 | D:2      | Reached skill level 1 in Fighting
  1727 | D:2      | Reached XP level 4. HP: 10/28 MP: 3/9
  2044 | D:1      | Learned a level 2 spell: Blink
  2047 | D:1      | Learned a level 2 spell: Call Imp
  2051 | D:1      | Learned a level 3 spell: Conjure Flame
  2557 | D:2      | Found a radiant altar of Vehumet,
  2750 | D:2      | Reached skill level 1 in Maces & Flails
  2792 | D:3      | Reached XP level 5. HP: 27/33 MP: 9/11
  2899 | D:3      | Found a shadowy altar of Dithmenos,
  3588 | D:4      | Reached skill level 4 in Stealth
  3588 | D:4      | Reached XP level 6. HP: 35/38 MP: 7/12
  3949 | D:3      | Noticed Grinder
  4268 | D:2      | Learned a level 3 spell: Mephitic Cloud
  4471 | D:2      | Became a worshipper of Vehumet
  4797 | D:3      | Found a runed translucent door,
  4798 | D:3      | Noticed Crazy Yiuf
  4837 | D:3      | Killed Crazy Yiuf
  5501 | D:4      | Found a staircase to the Ecumenical Temple,
  5620 | D:4      | Found a sacrificial altar of Ru,
  5620 | D:4      | Found a hide-covered altar of Uskayaw,
  5621 | D:4      | Found an ancient bone altar of Kikubaaqudgha,
  5701 | D:4      | Reached XP level 7. HP: 18/44 MP: 11/14
  5987 | D:4      | Reached skill level 1 in Short Blades
  5987 | D:4      | Reached skill level 5 in Spellcasting
  6087 | D:4      | Found a shimmering blue altar of Sif Muna,
  6262 | D:5      | Entered Level 5 of the Dungeon
  6391 | D:5      | Reached skill level 1 in Evocations
  6479 | D:5      | Found a shimmering altar of Xom,
  6495 | D:5      | Reached * piety under Vehumet
  6495 | D:5      | Offered knowledge of Freeze by Vehumet.
  6495 | D:5      | Reached skill level 5 in Stealth
  7067 | D:6      | Noticed Zajic's ghost (novice TrBe)
  7070 | D:6      | Found a transporter,
  7090 | D:6      | Found a transporter,
  7099 | D:6      | Learned a level 1 spell: Freeze
  7103 | D:6      | Learned a level 3 spell: Dazzling Flash
  7154 | D:6      | Found a shimmering altar of Xom,
  7179 | D:6      | Reached XP level 8. HP: 39/48 MP: 4/15
  7283 | D:7      | Reached skill level 1 in Poison Magic
  7408 | D:7      | Found a glowing silver altar of Zin,
  7459 | D:7      | Noticed Joseph
  7761 | D:8      | Reached skill level 6 in Stealth
  8519 | D:8      | Noticed Maggie
  8542 | D:8      | Killed Maggie
  8542 | D:8      | Reached skill level 1 in Air Magic
  8741 | D:8      | Reached skill level 7 in Stealth
  8741 | D:8      | Reached XP level 9. HP: 33/55 MP: 14/18
  9044 | D:8      | Offered knowledge of Searing Ray by Vehumet.
  9048 | D:8      | Learned a level 2 spell: Searing Ray
  9113 | D:8      | Found a basalt altar of Yredelemnul,
  9309 | D:7      | Reached ** piety under Vehumet
  9342 | D:7      | Killed Joseph
  9695 | D:7      | Found a white marble altar of Elyvilon,
 10487 | D:6      | Offered knowledge of Stone Arrow by Vehumet.
 10493 | D:6      | Learned a level 3 spell: Stone Arrow
 11132 | D:6      | Slain by Zajic's ghost

Levels and vault maps discovered:
D:1:      erik_arrival_triangle_medium, layout_basic, minmay_quantized
D:2:      layout_rooms, serial_curves, eino_curves_01, eino_curves_02,
          minmay_misc_feat_plants, lemuel_statue_altar
D:3:      layout_loops_cross, first_ration, grunt_dithmenos_smoke,
          uniq_crazy_yiuf_cottage, uniq_grinder
D:4:      layout_cave_pods, gammafunk_temple_overflow_claw, lemuel_doored_altar,
          temple_statues
D:5:      layout_loops_ring, basic_altar
D:6:      minmay_angry_zag, layout_basic, kennysheep_little_box,
          enter_ossuary_1, gammafunk_ghost_arena
D:7:      layout_basic, kennysheep_mini, elyvilon_altar_5, uniq_joseph
D:8:      layout_loops_ring, yredelemnul_forgotten_temple_becter, uniq_maggie

Skill      XL: |  1  2  3  4  5  6  7  8  9 |
---------------+----------------------------+-----
Stealth        | 3 4 5 7 |  7.7
Fighting       | 1 2 4 |  4.1
Maces & Flails | 1 |  1.8
Spellcasting   | 4 5 6 |  6.9
Conjurations   | 2 3 4 |  4.2
Dodging        | 3 4 |  4.1
Translocations | 2 |  2.5
Short Blades   | 2 3 4 |  4.5
Evocations     | 1 |  1.2
Poison Magic   | 1 2 |  2.4
Air Magic      | 1 2 |  2.4
Summonings     | |  1.8
Fire Magic     | |  0.1
Ice Magic      | |  0.6

Action                   |  1- 3 |  4- 6 |  7- 9 || total
-------------------------+-------+-------+-------++-------
Melee: Unarmed           |    15 |       |       ||    15
       Constrict         |    13 |    25 |    27 ||    65
       Whip              |    43 |    57 |       ||   100
       Dagger            |     4 |    57 |   163 ||   224
       Tentacles         |     7 |    15 |    17 ||    39
 Cast: Magic Dart        |    52 |    52 |    50 ||   154
       Call Imp          |       |     3 |     6 ||     9
       Blink             |       |    17 |     5 ||    22
       Mephitic Cloud    |       |     4 |    18 ||    22
       Conjure Flame     |       |       |     7 ||     7
       Freeze            |       |       |     3 ||     3
       Searing Ray       |       |       |     5 ||     5
       Dazzling Flash    |       |       |     1 ||     1
Evoke: Wand              |       |     9 |       ||     9
  Use: Potion            |     1 |     4 |     2 ||     7
       Scroll            |     4 |     4 |     2 ||    10
 Stab: Sleeping          |     2 |    10 |    13 ||    25
       Confused          |       |     1 |     6 ||     7
       Distracted        |       |       |     3 ||     3
  Eat: Chunk             |     2 |    10 |    13 ||    25
       Ration            |       |     1 |     1 ||     2
Armor: Skin              |    10 |     7 |     3 ||    20
Dodge: Dodged            |    81 |    84 |    78 ||   243

Table legend:
 A = Non-vault XP
 B = Vault XP
 C = Vault XP percentage of total XP
 D = Non-vault monster count
 E = Vault monster count
 F = Vault count percentage of total count
                 A         B        C        D         E       F
            +---------+---------+-------+---------+---------+-------
      Total |    3219 |    1018 |  24.0 |     160 |      14 |   8.0
            +---------+---------+-------+---------+---------+-------
        D:1 |      35 |       8 |  18.6 |      20 |       6 |  23.1
        D:2 |      97 |       0 |   0.0 |      29 |       0 |   0.0
        D:3 |     220 |      40 |  15.4 |      27 |       1 |   3.6
        D:4 |     339 |       0 |   0.0 |      14 |       0 |   0.0
        D:5 |     374 |       0 |   0.0 |      13 |       0 |   0.0
        D:6 |     556 |     241 |  30.2 |      14 |       4 |  22.2
        D:7 |     866 |     339 |  28.1 |      23 |       1 |   4.2
        D:8 |     732 |     390 |  34.8 |      20 |       2 |   9.1
            +---------+---------+-------+---------+---------+-------
